[Event "37th ECCC 2022"]
[Site "Mayrhofen"]
[Date "2022.10.05"]
[Round "3.14"]
[White "Esipenko, Andrey"]
[Black "Banusz, Tamas"]
[Result "1/2-1/2"]
[ECO "D12"]
[WhiteElo "2668"]
[BlackElo "2622"]
[Annotator "TA"]
[PlyCount "145"]
[EventDate "2022.10.03"]
[EventType "team-tourn"]
[EventCountry "AUT"]
[SourceTitle "playchess.com"]
[Source "ChessBase"]
[SourceQuality "1"]
[TimeControl "40/5400+30:1800+30"]

1. d4 d5 2. c4 c6 3. Nf3 Nf6 4. e3 Bf5 5. Nc3 e6 6. Nh4 Be4 7. f3 Bg6 8. Qb3 Qc7 9. Bd2 {[%emt 0:00:32] D12: Slav Defence: 3 Nf3 Nf6 4 e3 Bf5.} Be7 10. Nxg6 hxg6 11. O-O-O {[%emt 0:00:15] White is slightly better.} dxc4 12. Bxc4 a6 13. Ne4 Nxe4 14. fxe4 b5 15. Be2 c5 16. Kb1 Nc6 17. d5 exd5 18. exd5 Ne5 19. h4 Bd6 20. g4 c4 21. Qc2 O-O-O 22. h5 Kb8 23. Bc3 {[%emt 0:00:47] [#]} g5 $146 ({Predecessor:} 23... Qe7 24. Qe4 Rhe8 25. a3 Qg5 26. Qf4 Qe7 27. Qf2 Rd7 28. e4 Rb7 29. Qe3 Ka8 30. hxg6 Nxg6 {½-½ (40) Neto,H (2568)-Zugrav,W (2574) ICCF email 2020}) 24. Qf5 Qe7 25. Rdf1 Rh6 26. Bd1 (26. Rc1 $5 ) 26... f6 27. Bc2 Qd7 28. Rd1 Qe7 (28... Nxg4 29. Qxd7 Rxd7 30. Bf5 Nxe3 31. Bxd7 $16) 29. Qe6 Qc7 30. Rdf1 Rd7 31. Bf5 Rd8 32. Bc2 Rd7 33. Bd4 Kb7 34. Bf5 {[%emt 0:00:59] A strong pair of Bishops.} Rd8 35. Be4 Nd7 36. Qf7 Ne5 37. Qxc7+ Kxc7 38. Bf5 Nd7 39. e4 ({White should play} 39. b3 $16) 39... Be5 $11 40. Be3 Kd6 41. Bd2 {[%emt 0:09:50] next Bb4+ is good for White.} Nc5 42. Bb4 Ra8 43. Rd1 Rhh8 44. a4 a5 45. Bxc5+ Kxc5 46. d6 {[%emt 0:00:29][%cal Bd5d6,Bd6d7][%mdl 32] [#] And now Rd5+ would win.} bxa4 {[%emt 0:00:20] ...Rab8 is the strong threat.} 47. Rd5+ $1 Kc6 (47... Kb4 $1 $11) 48. Rc1 $16 c3 49. d7 {[%emt 0:01:23] White is more active.} Rab8 50. Rxe5 fxe5 $11 51. Rxc3+ $16 {[%emt 0:00:03][%mdl 4096] Endgame KRR-KRB} Kd6 52. Ka2 Rhd8 53. Rd3+ Kc6 54. Rc3+ Kd6 55. Rc8 Ke7 56. Rc5 Kf6 57. Rc6+ Kf7 58. Rc5 Kf6 59. Rc6+ Kf7 60. Rg6 Rb5 61. Be6+ Ke7 62. Bc4 Rb4 63. Rxg7+ Kd6 64. Bd5 {[%emt 0:00:55] Threatens to win with h6.} Rxd7 65. h6 Rd8 $1 66. Rxg5 Rdb8 $1 67. h7 $2 (67. Ka3 $11 Rxb2 68. Rg6+ Ke7 69. Rg7+ Kd6 70. Rg6+ Ke7 71. Rg7+ Kd6 72. Rg6+) 67... Rxb2+ $19 68. Ka3 Rh2 {[%emt 0:00:42] White must now prevent ...Rh3+.} 69. Bg8 $2 {[%emt 0:00:59] [#]} (69. Rg6+ Kc5 70. Rc6+ (70. Rg8 $2 Rb1 $19) 70... Kb5 71. Rc1 (71. Rc7 $2 Rh3+ 72. Ka2 Rf8 $19) 71... Rh3+ 72. Ka2) 69... Rh3+ $1 70. Ka2 Rh2+ $2 ({Black should try} 70... Rf8 $19 71. Rf5 Rxf5 72. gxf5 Ke7) 71. Ka3 $11 {[%emt 0:00:05] aiming for Rh5.} Rh3+ $2 (71... Rh1 $11 72. Ka2 (72. Rg6+ Kc5 $19) 72... Rh2+ 73. Ka3) 72. Ka2 $1 $19 {[%emt 0:00:35] Strongly threatening Rh5.} Rh2+ $2 (72... Rf8 $19 {( -> ...Rf2+)} 73. Rf5 Rxf5 74. gxf5 Ke7) 73. Ka3 {[%emt 0:00:09] Weighted Error Value: White=0.10 (very precise) /Black=0.07 (flawless)} 1/2-1/2

[Event "37th ECCC 2022"]
[Site "Mayrhofen"]
[Date "2022.10.05"]
[Round "3.15"]
[White "Michalik, Peter"]
[Black "Moussard, Jules"]
[Result "1-0"]
[ECO "A40"]
[WhiteElo "2558"]
[BlackElo "2686"]
[Annotator "TA"]
[PlyCount "137"]
[EventDate "2022.10.03"]
[EventType "team-tourn"]
[EventCountry "AUT"]
[SourceTitle "playchess.com"]
[Source "ChessBase"]
[SourceQuality "1"]
[TimeControl "40/5400+30:1800+30"]

1. d4 Nf6 2. c4 e6 3. g3 d5 4. Nf3 Bb4+ 5. Bd2 Be7 6. Bg2 O-O 7. Qc2 c6 8. O-O Nbd7 9. Bf4 b6 10. cxd5 {[%emt 0:01:02] Recently 10.Nbd2 got a lot of attention.} cxd5 11. Rc1 {[%emt 0:00:30] E08: Closed Catalan: Main Line: 7 Qc2.} Bb7 12. Nc3 Rc8 13. Qd1 {[%emt 0:01:22] The position is equal.} a6 {[%emt 0:05:38] Against Nb5} 14. a4 {[%emt 0:02:06] [#]} Nh5 $146 ({Predecessor:} 14... Rc4 15. Na2 Qa8 16. b3 Rcc8 17. Rxc8 Rxc8 18. Rc1 Ba3 19. Rc2 h6 {½-½ (18) Werner,A (2125)-Klingelhoefer,S (2230) Germany 2011}) 15. Bd2 Bd6 16. e4 dxe4 17. Ng5 Nhf6 18. Ngxe4 Nxe4 19. Bxe4 Bxe4 20. Nxe4 Be7 21. Be3 Rxc1 22. Rxc1 Nf6 23. Nxf6+ Bxf6 24. Rc6 h6 25. Qd3 {[%emt 0:02:25] White is more active.} (25. b3 $14) 25... b5 $11 26. Rxa6 bxa4 27. Rxa4 Qd5 28. Qc2 Qb7 29. Rc4 Rd8 30. h4 h5 31. Rc7 Qa8 (31... Qb5 $16 {was worth a try.}) 32. Kh2 (32. b4 $1 $18 {and White stays clearly on top.}) 32... g6 33. b4 {[%emt 0:03:17][%cal Bb2b4,Bb4b5][%mdl 32] Hoping for b5.} Rb8 (33... Qd5 $16 {is more resistant.}) 34. b5 $18 Bd8 35. Rc6 (35. Rc5 $18 {is more deadly.}) 35... Qb7 $2 (35... Rxb5 $16 36. Rxe6 (36. Rc8 Rb8 $14) 36... Kg7) 36. Qc4 Bb6 (36... Qxb5 $2 37. Qxb5 Rxb5 38. Rc8 $18) (36... g5 $142 37. d5 (37. Bxg5 Bxg5 38. hxg5 Qxb5 $14) 37... Qxb5 38. Qxb5 (38. dxe6 Qxc4 39. Rxc4 gxh4 $14) 38... Rxb5) 37. Bf4 Rd8 38. Be5 Kh7 39. Bf6 Ra8 40. Qc1 Bd8 41. Qf4 {[%emt 0:33:23] Bxd8 is the strong threat.} Bxf6 42. Qxf6 {[%emt 0:00:00][%cal Od4d5][%mdl 4096] Endgame Black must now prevent d5! KQR-KQR} Kg8 $2 (42... Rf8 43. Qe5 Ra8) 43. d5 exd5 44. b6 {[%emt 0:00:00] White threatens Rc7 and mate.} Rf8 45. Rc7 Qa6 46. Qd4 Qa5 47. Rd7 Qb5 48. Rxd5 Qc6 49. Rd6 Qf3 50. Rd7 Kh7 51. b7 Re8 52. Qa7 Kg7 53. Qd4+ (53. Rc7 $142 Re2 54. Rxf7+ $3 Qxf7 55. b8=Q Rxf2+ 56. Kh3) 53... Kh7 $1 {[%emt 0:00:06] [#]} 54. Re7 $3 {[%emt 0:00:00][%mdl 512] White is clearly winning.} Rd8 (54... Rb8 55. Qb2) 55. Qe3 ({Not} 55. Qxd8 Qxf2+ 56. Kh3 Qf1+ 57. Kh2 Qf2+ 58. Kh3 Qf1+ 59. Kh2 Qf2+ $11) (55. Qb2 $142 Rb8 56. Rc7) 55... Qf6 56. Kg2 Rb8 57. Rc7 Kg7 58. Qf3 Qe6 59. Qc3+ Qf6 {[%emt 0:01:15] [#]} 60. Qxf6+ (60. Rxf7+ $142 $3 Kxf7 61. Qc7+ Qe7 62. Qxb8) 60... Kxf6 {[%emt 0:00:03] KR-KR} 61. Kf3 {[%emt 0:00:00] aiming for Kf4.} Ke6 62. Kf4 {[%emt 0:00:00] And now Kg5 would win.} f6 63. Rc6+ Kf7 64. Rb6 Ke7 65. Ke4 {[%emt 0:00:00] Strongly threatening Kd5.} g5 66. Kf5 gxh4 67. gxh4 Kd8 68. Kxf6 Kc7 69. Rb2 {[%emt 0:00:04] Weighted Error Value: White=0.63/Black=0.56} 1-0

[Event "37th ECCC 2022"]
[Site "Mayrhofen"]
[Date "2022.10.05"]
[Round "3.16"]
[White "Alekseenko, Kirill"]
[Black "Prohaszka, Peter"]
[Result "1/2-1/2"]
[ECO "B12"]
[WhiteElo "2691"]
[BlackElo "2570"]
[Annotator "TA"]
[PlyCount "107"]
[EventDate "2022.10.03"]
[EventType "team-tourn"]
[EventCountry "AUT"]
[SourceTitle "playchess.com"]
[Source "ChessBase"]
[SourceQuality "1"]
[TimeControl "40/5400+30:1800+30"]

1. e4 c6 2. d4 d5 3. e5 Bf5 4. c4 e6 5. Nc3 Bb4 6. cxd5 {[%emt 0:00:38] B12: Caro-Kann: Advance Variation.} cxd5 7. h4 {[%emt 0:00:44] [#] Strongly threatening g4.} h6 8. g4 Be4 9. f3 Bh7 {[%emt 0:00:06] [#]} 10. a3 $146 ({Predecessor:} 10. Bd3 Bxc3+ 11. bxc3 Bxd3 12. Qxd3 Nc6 13. Ne2 Nge7 14. Nf4 g6 15. Kf2 Qd7 16. a4 {½-½ (56) Guo,A (2422)-Liang,J (2408) New York 2021}) 10... Bxc3+ 11. bxc3 Nd7 12. Ra2 Ne7 13. Ne2 Qc7 14. a4 Nb6 15. a5 Nc4 16. Nf4 Nxa5 17. Bb5+ Kf8 18. Qa4 Nc4 19. Rhh2 Kg8 20. Bxc4 dxc4 21. Ba3 $1 Bd3 (21... Ng6 $14 22. Bd6 Qc8) 22. h5 (22. Bd6 $16 Qd8 23. Qb4) 22... Nc6 (22... Nc8 $14) 23. Bd6 $16 Qd7 24. Nxd3 cxd3 25. Qb5 f6 26. Rab2 (26. Qxd3 fxe5 27. Bc5 exd4 $17) 26... Rc8 27. f4 (27. Qxd3 fxe5 28. Ba3 exd4 $15) 27... fxe5 (27... a6 $16 28. Qxd3 (28. Qxb7 Qxb7 29. Rxb7 Nxd4 $14) 28... Na5) 28. dxe5 b6 29. Kf2 (29. Qxd3 $6 Nd8 $16) (29. Rh3 $18) 29... Qf7 30. Kg3 Ne7 $1 31. c4 {[%emt 0:01:27] Prevents Nd5.} (31. Qxd3 $2 Nd5 32. Qe4 Rxc3+ 33. Kf2 Qxf4+ 34. Qxf4 Nxf4 $19) 31... Kh7 (31... g6 $1 $14 {deserves consideration.}) 32. Qb3 Rhd8 33. Qxd3+ Kg8 34. Rhc2 Rd7 35. Qe4 Rcd8 36. Kg2 (36. Rb3 $16) 36... Nc8 $11 37. c5 bxc5 38. Bxc5 Rd5 39. Be3 Nb6 40. Rc6 (40. Bxb6 axb6 41. Rc6 (41. Rxb6 Rd4 $15) 41... Rd4 $11) (40. Rb3 $14) 40... Rd1 41. Qg6 Qb7 (41... Qf8 $11) 42. Qxe6+ $16 Kh8 43. Kh2 {[%emt 0:02:36] [#] aiming for g5.} (43. Bxb6 Rc1 44. Bf2 (44. Bxd8 Qxb2+ 45. Kg3 Rg1+ 46. Kf3 Rf1+ 47. Ke4 Re1+ 48. Kd5 Rd1+ 49. Kc5 Qd4+ 50. Kb5 Rb1+) 44... Qa8 $15) 43... Qa6 {[%emt 0:05:04] Threatens to win with ...Qa1.} 44. Rd6 {[%emt 0:02:05] Black must now prevent Rxd1.} (44. Bxb6 Qf1 45. Qxh6+ gxh6 46. Rxh6+ Kg7 47. Rg6+ Kh7 48. Kg3 axb6 49. Rc2 Qe1+ 50. Rf2 R1d3+ 51. Kh4 Qxf2+ 52. Kg5 Rg8 53. Rxg8 Kxg8 54. h6 Rd4 55. Kg6 Qxf4 56. e6 Qxg4+ 57. Kf6 Qh4+ 58. Kg6 Rg4+ 59. Kf5 Qg5#) 44... R8xd6 (44... Qa1 $16 {is tougher.} 45. Rbd2 Rxd2+ 46. Bxd2 (46. Rxd2 Rxd2+ 47. Bxd2 Qd1 $11) 46... Rg8) 45. exd6 Qd3 46. Ra2 $2 (46. g5 $18 hxg5 47. Qe8+ (47. fxg5 Qxd6+ 48. Qxd6 Rxd6 $16) 47... Kh7 48. fxg5 Qxd6+ 49. Kg2 Qd5+ 50. Kf2) 46... Nc4 $11 {[%emt 0:01:35] The position is equal.} 47. Bxa7 {[%emt 0:04:40][%cal Oa7e3] Chess con chili.} Rd2+ 48. Rxd2 Qxd2+ {[%emt 0:00:03][%mdl 4096] Endgame KQB-KQN} 49. Kg3 {[%emt 0:01:01] White wants to mate with d7.} Qd3+ 50. Kg2 {[%emt 0:01:22] White threatens Qe8+ and mate.} Nxd6 51. f5 {[%emt 0:00:40] Active counter play!} Ne4 {[%emt 0:01:12] And now ...Qd2+ would win.} 52. Qe8+ Kh7 {[%emt 0:00:01] Hoping for ...Qe2+.} 53. Qg6+ Kg8 54. Qe8+ {[%emt 0:00:26] Weighted Error Value: White=0.26 (precise) /Black=0.28 (precise)} 1/2-1/2

[Event "37th ECCC 2022"]
[Site "Mayrhofen"]
[Date "2022.10.05"]
[Round "3.17"]
[White "Korpa, Bence"]
[Black "Movsesian, Sergei"]
[Result "1/2-1/2"]
[ECO "A06"]
[WhiteElo "2496"]
[BlackElo "2619"]
[Annotator "TA"]
[PlyCount "37"]
[EventDate "2022.10.03"]
[EventType "team-tourn"]
[EventCountry "AUT"]
[SourceTitle "playchess.com"]
[Source "ChessBase"]
[SourceQuality "1"]
[TimeControl "40/5400+30:1800+30"]

1. Nf3 d5 2. e3 Nf6 3. c4 e6 4. Nc3 a6 5. b3 c5 6. Bb2 {[%emt 0:03:21] A17: English Opening: 1...Nf6 with ...Bb4.} Nc6 7. cxd5 exd5 8. d4 Bg4 9. Be2 Bxf3 10. Bxf3 {[%emt 0:00:09] With the idea dxc5.} cxd4 11. exd4 Bb4 12. O-O Bxc3 13. Bxc3 O-O 14. Qd3 Qd6 {[%emt 0:02:06] [#]} 15. g3 $146 ({Predecessor:} 15. a3 Rfe8 16. Rfe1 Rxe1+ 17. Bxe1 Re8 18. Bd2 Ne4 19. Be3 Na5 20. g3 Qb6 21. Bd1 {½-½ (34) Shchekachev,A (2515)-Dordzhieva,D (2311) Biel 2021}) 15... Nb4 16. Qd2 (16. Bxb4 $5 Qxb4 17. Rac1 $11) 16... Nc6 17. Qd3 Nb4 18. Qd2 (18. Bxb4 $5 Qxb4 19. Rac1 $11) 18... Nc6 19. Qd3 {[%emt 0:00:14] A rather calm draw.  Weighted Error Value: White=0.11 (very precise) /Black=0.04 (flawless)} 1/2-1/2

[Event "37th ECCC 2022"]
[Site "Mayrhofen"]
[Date "2022.10.05"]
[Round "3.18"]
[White "Cornette, Matthieu"]
[Black "Kaczur, Florian"]
[Result "1-0"]
[ECO "C55"]
[WhiteElo "2572"]
[BlackElo "2483"]
[Annotator "TA"]
[PlyCount "75"]
[EventDate "2022.10.03"]
[EventType "team-tourn"]
[EventCountry "AUT"]
[SourceTitle "playchess.com"]
[Source "ChessBase"]
[SourceQuality "1"]
[TimeControl "40/5400+30:1800+30"]

1. e4 e5 2. Nf3 Nc6 3. Bc4 Nf6 4. d3 Be7 5. O-O O-O 6. Re1 d6 7. a3 h6 {[%emt 0:04:31] C55: Two Knights: 4 d3, 4 d4 exd4 5 e5 and Max Lange Attack.} 8. Nbd2 Re8 9. c3 Bf8 {[%emt 0:03:18] [#] White is slightly better.} 10. b4 $146 ({Predecessor:} 10. Nf1 g6 11. h3 Be6 12. Bxe6 fxe6 13. d4 exd4 14. cxd4 Bg7 15. Ng3 Kh7 16. Qd3 e5 17. d5 Ne7 18. Bd2 a5 19. Rac1 {½-½ (19) Mrdja,M (2387)-Sciortino,M (2192) Montecatini Terme 2003}) 10... a6 11. Bb2 b5 12. Ba2 Be6 13. Bxe6 Rxe6 14. c4 Qd7 15. Rc1 Rc8 16. Qc2 Ne7 17. d4 {[%emt 0:03:31] Strongly threatening d5.} Nh5 {[%emt 0:06:05] Black is now going downhill.} (17... Ng6 $142) 18. dxe5 $16 Rg6 {[%emt 0:01:50] And now ...Qh3 would win.} 19. Nh4 Rg4 20. Ndf3 g5 {[%emt 0:05:09] [#]} 21. Nf5 Nxf5 22. exf5 Rxc4 23. e6 Qc6 24. Qb1 {[%emt 0:07:35] Black must now prevent exf7+.} (24. exf7+ $6 Kxf7 25. Bc3 (25. Qe2 Nf4 $16) 25... Rxc3 26. Qxc3 Qxc3 27. Rxc3 c5 28. bxc5 dxc5 $18) 24... Nf4 $2 (24... fxe6 25. fxe6 (25. Rxc4 bxc4 26. fxe6 Bg7 $18) 25... Bg7 26. Rxc4 (26. Qg6 Qe8 $16) 26... bxc4 27. Bxg7 (27. Qg6 Qe8 $14) 27... Nxg7) 25. e7 $2 (25. exf7+ Kxf7 26. f6) 25... Bg7 $2 (25... Re8 {keeps fighting.}) 26. Rxc4 bxc4 27. f6 Bh8 (27... Qd7 $142 28. fxg7 Re8) 28. Qf5 Re8 29. h4 Qb5 30. Qg4 ({Not} 30. Qxb5 axb5 31. hxg5 hxg5 $16) 30... Nd3 31. Nd4 Qd5 32. Qd7 $1 Qa8 {[%emt 0:00:26] [#]} 33. Nf5 $1 Kh7 {[%emt 0:01:05] [#]} 34. Nxh6 $1 Kxh6 {[%emt 0:02:32] [#]} (34... Qc8 35. Qxc8) 35. Qf5 $1 {[%emt 0:00:18] White mates.} Qc8 (35... Rg8 36. Re4) 36. Qxg5+ Kh7 37. Re3 Nf4 38. Qxf4 {[%emt 0:00:19] Weighted Error Value: White=0.40/Black=0.48} 1-0

[Event "37th ECCC 2022"]
[Site "Mayrhofen"]
[Date "2022.10.05"]
[Round "3.19"]
[White "Erigaisi Arjun"]
[Black "Tabatabaei, M. Amin"]
[Result "1-0"]
[ECO "D14"]
[WhiteElo "2728"]
[BlackElo "2657"]
[Annotator "TA"]
[PlyCount "151"]
[EventDate "2022.10.03"]
[EventType "team-tourn"]
[EventCountry "AUT"]
[SourceTitle "playchess.com"]
[Source "ChessBase"]
[SourceQuality "1"]
[TimeControl "40/5400+30:1800+30"]

1. d4 d5 2. c4 c6 3. Nf3 Nf6 4. cxd5 cxd5 5. Nc3 Nc6 6. Bf4 Bf5 7. Qb3 Na5 8. Qa4+ Bd7 9. Qc2 e6 {[%emt 0:00:19] D14: Slav Defence: Exchange variation with ...Bf5.} 10. e3 Rc8 11. Bd3 Bb4 {[%emt 0:03:27][%cal Of6e4] The position is equal. now scores much better than the old 11...Be7.} 12. O-O h6 13. h3 O-O 14. Rfc1 a6 15. Qe2 {[%emt 0:04:43] [#]} Bxc3 $146 ({Predecessor:} 15... Qe7 16. Ne5 Nc6 17. a3 Nxe5 18. Bxe5 Bxc3 19. bxc3 Ba4 20. c4 dxc4 21. Bxc4 Nd7 {½-½ (31) Williamson,H (2511)-Koshmak,I (2462) ICCF email 2020}) 16. bxc3 Nc4 17. a4 b5 18. Ne5 Nxe5 19. Bxe5 bxa4 20. Bxa6 Ra8 21. Bd3 {[%emt 0:03:32] This bishop pair is nice.} Qe7 22. Rcb1 Ra7 23. Bc2 {[%emt 0:06:04] White has more active pieces. The black rooks are badly placed.} (23. Rb6 $5 ) 23... Rc8 24. Qd3 g6 25. f3 {[%emt 0:13:04] Against Ne4} a3 26. Qd2 Ba4 (26... a2 $2 27. Rb2 $18) 27. Bd3 Nd7 28. Bf4 e5 (28... h5 $14) 29. Bxh6 $16 Bc6 30. dxe5 Nxe5 31. Be2 Qc5 32. Bg5 Kg7 33. Qd4 Qxd4 34. cxd4 Nc4 35. e4 f6 36. Bc1 Ra4 37. Bxc4 Rxc4 38. e5 ({Reject} 38. Rxa3 $6 dxe4 39. Ra7+ Kg8 $11) 38... Rxd4 39. Rxa3 fxe5 (39... Rd1+ $2 40. Kh2 Kg8 41. exf6 $18) 40. Bb2 Ra4 41. Bxe5+ Kf7 42. Rd3 Ra2 43. Rb6 Ke6 44. f4 {[%emt 0:00:00] Strongly threatening Rg3.} g5 45. Rc3 gxf4 46. Bxf4 Kd7 47. Rg3 Re2 48. Ra6 ({White should try} 48. h4) 48... Ke6 49. Rc3 Kd7 50. Rg3 Ke6 $1 51. Be3 Ke5 52. h4 d4 {[%emt 0:00:00] [#]} 53. Bf2 (53. Ra5+ $1 $16 Ke4 54. Bg5) 53... Rd2 (53... Kf4 $11) 54. Ra5+ Ke6 $2 {[%emt 0:00:00][%mdl 8192] [#] This costs Black the game.} (54... Kf6 $16) 55. Rg6+ $1 $18 Kf7 56. h5 {[%emt 0:00:00] Hoping for Ra7+.} Be4 57. Ra7+ Kf8 58. Rf6+ Kg8 59. h6 d3 60. Rf4 {[%emt 0:04:20] White threatens Rg7+ and mate.} Rxf2 61. Rxf2 {[%emt 0:00:24][%mdl 4096] Endgame KRR-KRB} Rd8 62. Rd2 Rd6 63. Re7 Bh7 64. Kf2 Rxh6 65. Rb2 Rf6+ 66. Ke3 Kh8 67. g4 Rh6 68. Re8+ (68. Rd7 $142 Rg6 69. Rbb7 Bg8 70. Kf4 Be6 71. Rh7+ Kg8 72. Rhe7 Kh8 73. Re8+ Bg8 74. Rd8) 68... Bg8 69. Kxd3 {[%emt 0:00:09] Intending Ke4 and mate.} Rg6 70. Rb4 Kg7 71. Ke3 Kh6 72. Kf4 {[%emt 0:00:23] Rb5 would kill now.} Bh7 73. Rb7 {[%emt 0:00:46] White mates.} Ra6 74. Rh8 Ra4+ 75. Kg3 Rxg4+ 76. Kxg4 {[%emt 0:00:08] Weighted Error Value: White=0.12 (very precise) /Black=0.13 (very precise)} 1-0

[Event "37th ECCC 2022"]
[Site "Mayrhofen"]
[Date "2022.10.05"]
[Round "3.20"]
[White "Huschenbeth, Niclas"]
[Black "Saric, Ivan"]
[Result "1/2-1/2"]
[ECO "B92"]
[WhiteElo "2593"]
[BlackElo "2668"]
[Annotator "TA"]
[PlyCount "135"]
[EventDate "2022.10.03"]
[EventType "team-tourn"]
[EventCountry "AUT"]
[SourceTitle "playchess.com"]
[Source "ChessBase"]
[SourceQuality "1"]
[TimeControl "40/5400+30:1800+30"]

1. e4 c5 2. Nf3 d6 3. d4 cxd4 4. Nxd4 Nf6 5. Nc3 a6 6. Be2 e5 7. Nb3 Be7 8. Be3 Be6 9. Nd5 Nbd7 10. Qd3 Bxd5 11. exd5 Rc8 {[%emt 0:02:35] now supersedes 11...0-0.} 12. c4 O-O 13. O-O Ne8 {[%emt 0:02:21] B92: Sicilian Najdorf: 6 Be2.} 14. a4 Bg5 15. a5 g6 16. Nd2 f5 17. Bxg5 Qxg5 {[%emt 0:00:03] [#]} 18. Rfd1 $146 ({Predecessor:} 18. Rad1 e4 19. Qa3 Ne5 20. f3 exf3 21. Nxf3 Nxf3+ 22. Rxf3 Qd8 23. Rb3 Rf7 24. Re3 {½-½ (24) Seia,J (2478)-Wunderlich,H (2583) ICCF email 2020}) 18... e4 19. Qa3 Ne5 20. Qe3 (20. Qg3 $5 Qh6 21. Ra3 $11) 20... Qxe3 21. fxe3 Nf6 22. Ra4 Rf7 23. Rb4 Rfc7 24. Rb6 Ne8 25. Rc1 Nd7 {[%emt 0:02:23] Pair of Knights!} 26. Rb4 Nef6 {[%emt 0:00:10] aiming for ...Nxd5.} 27. Rc3 Nc5 28. Nb3 Nd3 (28... Nfd7 $11) 29. Bxd3 $14 exd3 30. Nd2 Rc5 $1 31. Rxd3 Rxa5 32. Rxb7 Ra1+ 33. Kf2 Ng4+ 34. Kg3 Rd1 {[%emt 0:00:39] [#]} 35. h3 $1 Nf6 36. Kf3 Rxc4 $1 37. Nxc4 Rxd3 38. Rb6 Rxd5 39. Rxd6 Rxd6 40. Nxd6 $11 {[%emt 0:00:01][%mdl 4096] Endgame KN-KN} Kf8 41. Nb7 Ne4 {[%emt 0:31:00] Against Nc5} 42. Kf4 {[%emt 0:00:00] White wants to play Ke5.} Ke7 43. Ke5 Kd7 $1 44. Kd5 {[%emt 0:00:00] Nc5+ is the strong threat.} Nf6+ $1 45. Kc5 Kc7 46. Nd6 Nd7+ 47. Kd5 Nb6+ 48. Ke6 Kc6 49. e4 {[%emt 0:00:00][%cal Od6f5] Against Nd5} fxe4 50. Nxe4 Na4 51. Kf6 Nxb2 52. Kg7 Kd5 53. Nd2 Nc4 54. Nb3 {[%emt 0:01:23] [#]} (54. Nxc4 Kxc4 55. Kxh7 a5) (54. Nb1 $1 $11) 54... Ne3 (54... Ne5 $1 $17 {White must now prevent ...Kc4.} 55. Kxh7 Kc4) 55. g3 Kc4 56. Na5+ (56. Nc1 $11 {keeps the balance.}) 56... Kb5 (56... Kb4 $17 57. Nc6+ Kc5) 57. Nb3 {[%emt 0:00:04] The position is equal.} Kb4 58. Nc1 Nf5+ 59. Kxh7 Nxg3 {[%emt 0:00:03] ( -> ...Kc3)} 60. Kxg6 a5 61. h4 a4 62. h5 Nxh5 $1 63. Kxh5 {[%emt 0:00:03] KN-KP} a3 64. Kh6 Kc3 65. Kh7 Kc2 (65... Kb2 $5 66. Nd3+ $8 Kc3 $11) 66. Na2 Kb2 67. Nb4 a2 (67... Kb3 $5 68. Nd3 $8 Kc3 $11) 68. Nxa2 $1 {Weighted Error Value: White=0.10 (very precise) /Black=0.09 (flawless)} 1/2-1/2

[Event "37th ECCC 2022"]
[Site "Mayrhofen"]
[Date "2022.10.05"]
[Round "3.21"]
[White "Nihal Sarin"]
[Black "Bogner, Sebastian"]
[Result "1/2-1/2"]
[ECO "A28"]
[WhiteElo "2673"]
[BlackElo "2548"]
[Annotator "TA"]
[PlyCount "114"]
[EventDate "2022.10.03"]
[EventType "team-tourn"]
[EventCountry "AUT"]
[SourceTitle "playchess.com"]
[Source "ChessBase"]
[SourceQuality "1"]
[TimeControl "40/5400+30:1800+30"]

1. c4 e5 2. Nc3 Nf6 3. Nf3 Nc6 4. d3 d5 5. cxd5 Nxd5 6. e4 Nb6 {[%emt 0:04:02] A28: English Opening: Four Knights Variation.} 7. Be2 Be7 8. Be3 O-O 9. O-O Be6 10. Rc1 {[%emt 0:09:02] [#]} Qd7 $146 ({Predecessor:} 10... Bf6 11. Na4 Nxa4 12. Qxa4 Qd7 13. b3 Rfd8 14. h3 a5 15. Rfd1 Qe7 16. Bc5 Qd7 17. Rd2 h6 18. Be3 Qe7 19. Bc5 Qd7 20. Be3 Qe7 {½-½ (20) Kruse,H (2386)-De Vassal,T (2406) FICGS email 2013}) 11. d4 exd4 12. Nxd4 Nxd4 13. Qxd4 Qxd4 14. Bxd4 Rfd8 15. Rfd1 c5 16. Be3 Nc4 17. Bxc4 Bxc4 18. b3 Be6 19. f4 g6 {[%emt 0:10:34] Prevents f5.} 20. Nb5 b6 21. Nc7 Rxd1+ (21... Bg4 $5 22. Re1 Rac8 $11) 22. Rxd1 Rd8 23. Rxd8+ Bxd8 24. Nxe6 fxe6 $11 {[%emt 0:00:03][%mdl 4096] Endgame KB-KB} 25. Kf2 Kf7 26. g4 Ke7 27. e5 Kd7 {[%emt 0:03:27] Hoping for ...Kc6.} 28. Kf3 Kc6 29. Ke4 Be7 30. f5 gxf5+ 31. gxf5 exf5+ 32. Kxf5 {[%emt 0:00:18] Strongly threatening Ke6.} Kd5 33. e6 (33. Bh6 $1 $16) 33... a6 34. Bf4 b5 $1 35. Be5 c4 (35... Kc6 $11 {keeps the balance.}) 36. Bf6 $16 Kd6 {[%emt 0:00:22] [#]} 37. bxc4 $1 bxc4 {[%emt 0:00:06] [#]} 38. a4 {[%emt 0:02:46] White is more active.} ({White should try} 38. h3 $1 $16) 38... Bf8 $1 $11 (38... Bxf6 $2 39. Kxf6 h5 40. e7 $18) 39. h3 Bh6 $2 (39... Be7 $11 {and Black is okay.}) 40. e7 $2 ({Only move:} 40. Bc3 $18 Ke7 41. h4) 40... Kd7 41. Ke4 Bc1 42. Kd5 c3 (42... Ba3 $11) 43. Bxc3 $14 Kxe7 44. Kc6 Be3 45. a5 (45. Kb7 $14 Kd6 46. Ba5 (46. Kxa6 Kc6 $16)) 45... Kd8 $11 46. Kb7 Kd7 47. Kxa6 {[%emt 0:00:00] Black must now prevent Kb7.} Kc6 48. Bf6 h5 49. Bd8 Bf2 (49... Bf4 $11 {remains equal.}) 50. Bb6 Bg3 51. Ka7 (51. Ba7 $16) 51... Be5 52. a6 Bg3 53. Be3 Kc7 54. Ka8 Kc8 ({Better is} 54... Be5 $11) 55. a7 (55. Ba7 $14) 55... Be5 {[%emt 0:00:26] The position is equal.} 56. Bf4 Bxf4 57. h4 Bg3 {[%emt 0:01:45] Weighted Error Value: White=0.20 (precise) /Black=0.17 (very precise)} 1/2-1/2